 Dungeon Crawl Stone Soup version 0.21.1-1-g345015fe64 (webtiles) character file.

1978 Peloso the Slasher (level 9, -1/78 HPs)
             Began as a Deep Dwarf Fighter on June 22, 2018.
             Was a Believer of Elyvilon.
             Splashed by a brown ugly thing's acid (4 damage)
             ... on level 7 of the Dungeon.
             The game lasted 00:14:34 (4982 turns).

Peloso the Slasher (Deep Dwarf Fighter)             Turns: 4982, Time: 00:14:34

Health: -1/78      AC: -7    Str: 27    XL:     9   Next: 1%
Magic:  10/10      EV: 14    Int: 10    God:    Elyvilon [**....]
Gold:   404        SH: 12    Dex: 17    Spells: 8/8 levels left

rFire    . . .     SeeInvis +   a - +0 long sword
rCold    . . .     Gourm    .   c - +0 shield
rNeg     . . .     Faith    .   G - +0 chain mail
rPois    .         Spirit   .   (no helmet)
rElec    .         Reflect  .   (no cloak)
rCorr    .         Harm     .   y - +0 pair of gloves
MR       +....                  r - +0 pair of boots
Stlth    ..........             (no amulet)
HPRegen  0.00/turn              F - ring of see invisible
MPRegen  0.12/turn              C - +5 ring of strength

@: agile, corroded, non-regenerating
A: damage resistance, heal wounds, sense surroundings 2, no regeneration
a: Heal Wounds, Lesser Healing, Heal Other, Divine Protection, Renounce Religion


You were on level 7 of the Dungeon.
You worshipped Elyvilon.
Elyvilon was pleased with you.
You were near starving.

You visited 1 branch of the dungeon, and saw 7 of its levels.

You collected 404 gold pieces.

Inventory:

Hand Weapons
 a - a +0 long sword (weapon)
 d - a +0 whip of flaming
 z - a +0 short sword of speed
Armour
 b - a +0 scale mail
 c - a +0 shield (worn)
 r - a +0 pair of boots (worn)
 y - a +0 pair of gloves (worn)
 G - a +0 chain mail (worn)
Jewellery
 u - an uncursed ring of flight
 C - a +5 ring of strength (right hand)
 F - a ring of see invisible (left hand)
Wands
 p - a wand of digging (4)
 v - a wand of iceblast (1)
Scrolls
 e - a scroll of immolation {unknown}
 k - 6 scrolls of identify {unknown}
 m - a scroll of magic mapping {unknown}
 n - 2 scrolls of enchant weapon {unknown}
 o - a scroll of amnesia {unknown}
 q - 2 scrolls of remove curse {unknown}
 s - 3 scrolls of enchant armour {unknown}
 t - 2 scrolls of noise {unknown}
 A - 2 scrolls of teleportation {unknown}
 H - a scroll of fear {unknown}
Potions
 g - a potion of curing
 h - a potion of mutation {unknown}
 i - 2 potions of heal wounds {unknown}
 j - 3 potions of agility
 l - a potion of degeneration {unknown}
 x - a potion of cancellation {unknown}
 B - a potion of invisibility {unknown}
 D - a potion of berserk rage {unknown}
 E - 2 potions of lignification {unknown}
Books
 w - the Disquisition on Earth
   (You found it on level 3 of the Dungeon)

   Spells                             Type                      Level
   a - Sandblast                      Earth                        1
   b - Bolt of Magma                  Conjuration/Fire/Earth       5
   c - Iron Shot                      Conjuration/Earth            6
   d - Statue Form                    Transmutation/Earth          6
Comestibles
 f - 10 rations


   Skills:
 + Level 4.1 Fighting
 + Level 7.6 Long Blades
 + Level 6.0 Armour
 + Level 3.3 Dodging
 + Level 0.3 Stealth
 + Level 7.0 Shields
 + Level 2.5 Invocations
 + Level 1.2 Evocations


You had 8 spell levels left.
You didn't know any spells.

Dungeon Overview and Level Annotations

Branches:
Dungeon (7/15)             Temple (0/1) D:5

Altars:
Ashenzari
Cheibriados
Elyvilon
Ru
Trog
Vehumet
Xom

Annotations:
D:5 1 runed door, exclusion: oklob sapling, LevaFresel's ghost, novice HuFi


Innate Abilities, Weirdness & Mutations

You are resistant to damage.
You can heal yourself by infusing magical energy.
You passively map the area around you.
You do not regenerate.


Message History

You block the brown ugly thing's attack. x2
You closely miss the brown ugly thing.
The brown ugly thing is lightly wounded.
The brown ugly thing stings you!
* * * LOW HITPOINT WARNING * * *
The acid corrodes you!
You are splashed with acid!
The acid burns!
* * * LOW HITPOINT WARNING * * *
You hit the brown ugly thing.
The brown ugly thing is lightly wounded.
The brown ugly thing stings you!
* * * LOW HITPOINT WARNING * * *
The acid corrodes you!
You are splashed with acid!
The acid burns!
* * * LOW HITPOINT WARNING * * *
It was a potion of agility.
You feel agile all of a sudden.
You block the brown ugly thing's attack.
It was a potion of curing.
You feel better. The brown ugly thing stings you!
* * * LOW HITPOINT WARNING * * *
You are splashed with acid!
The acid burns!
You die...

#### .#.#
<#.##############################
##..............@u...............
...##############################
####* * ,, * , , , * * *≈ , , ,
≈≈≈ , * ** * , , * , , ,


You could see a brown ugly thing.

Vanquished Creatures
  Pikel (D:4)
  Duvessa (D:5)
  An orc warrior (D:6)
  3 phantoms
  An ice beast (D:6)
  2 ogres
  Dowan (D:5)
  A scorpion (D:5)
  A water moccasin skeleton (D:6)
  A howler monkey (D:6)
  2 crimson imps (D:5)
  A bullfrog zombie (D:6)
  A hound (D:3)
  2 orc priests
  A centaur skeleton (D:6)
  3 orc wizards
  Terence (D:2)
  5 worker ants
  A hound skeleton (D:4)
  6 adders
  An ooze (D:2)
  4 adder skeletons
  3 worms
  A dart slug (D:1)
  2 leopard geckos (D:1)
  12 orcs
  5 bats
  9 giant cockroaches
  5 goblins
  6 hobgoblins
  2 quokkas
  A ball python (D:5)
  4 frilled lizards
  A jackal skeleton (D:6)
  8 kobolds
  4 rats
104 creatures vanquished.

Notes
Turn   | Place    | Note
-------+----------+-------------------------------------------
     0 | D:1      | Peloso the Deep Dwarf Fighter began the quest for the Orb.
     0 | D:1      | Reached XP level 1. HP: 20/20 MP: 1/1
   168 | D:1      | Reached XP level 2. HP: 25/27 MP: 2/2
  1194 | D:2      | Reached XP level 3. HP: 27/33 MP: 3/3
  1256 | D:2      | Found a shimmering altar of Xom.
  1297 | D:2      | Noticed Terence
  1317 | D:2      | Killed Terence
  1317 | D:2      | Reached XP level 4. HP: 28/40 MP: 4/4
  1920 | D:3      | Reached skill level 1 in Dodging
  1954 | D:3      | Found a white marble altar of Elyvilon.
  1955 | D:3      | Found a shattered altar of Ashenzari.
  1964 | D:3      | Found a bloodstained altar of Trog.
  1966 | D:3      | Found a snail-covered altar of Cheibriados.
  1971 | D:3      | Became a worshipper of Elyvilon the Healer
  2272 | D:3      | Found a radiant altar of Vehumet.
  2286 | D:3      | Reached XP level 5. HP: 28/48 MP: 5/5
  2499 | D:3      | Identified the Disquisition on Earth
  3119 | D:4      | Reached XP level 6. HP: 25/56 MP: 6/6
  3188 | D:4      | Reached * piety under Elyvilon
  3349 | D:4      | Noticed a slave
  3349 | D:4      | Noticed a slave
  3350 | D:4      | Noticed a slave
  3350 | D:4      | Noticed a slave
  3351 | D:4      | Noticed Pikel
  3355 | D:4      | Found a sacrificial altar of Ru.
  3388 | D:4      | Killed Pikel
  3388 | D:4      | Reached skill level 5 in Long Blades
  3388 | D:4      | Reached skill level 5 in Armour
  3388 | D:4      | Reached skill level 5 in Shields
  3388 | D:4      | Reached XP level 7. HP: 33/62 MP: 7/7
  3442 | D:4      | Reached skill level 1 in Evocations
  3689 | D:5      | Entered Level 5 of the Dungeon
  3708 | D:5      | Reached XP level 8. HP: 32/70 MP: 8/8
  3723 | D:5      | Found a runed door.
  3723 | D:5      | Noticed an angel
  3724 | D:5      | Found a white marble altar of Elyvilon.
  3826 | D:5      | Found a staircase to the Ecumenical Temple.
  3902 | D:5      | Noticed Duvessa
  3902 | D:5      | Noticed Dowan
  3916 | D:5      | Killed Duvessa
  3933 | D:5      | Killed Dowan
  3983 | D:5      | Reached ** piety under Elyvilon
  4184 | D:5      | Noticed LevaFresel's ghost (novice HuFi)
  4314 | D:6      | Reached skill level 1 in Invocations
  4814 | D:6      | Gained mutation: You passively map the area around you. [Deep Dwarf growth]
  4814 | D:6      | Reached XP level 9. HP: 63/78 MP: 10/10
  4954 | D:7      | Noticed a brown ugly thing
  4980 | D:7      | HP: 2/78 [acid (7)]
  4982 | D:7      | Splashed by a brown ugly thing's acid

Skill      XL: |  1  2  3  4  5  6  7  8 |
---------------+-------------------------+-----
Shields        | 4 5 7 |  7.0
Long Blades    | 3 4 5 6 7 |  7.6
Dodging        | 1 2 3 |  3.3
Armour         | 4 5 6 |  6.0
Fighting       | 3 4 |  4.1
Evocations     | 1 |  1.2
Invocations    | 2 |  2.5
Stealth        | |  0.3

Action                   |  1- 3 |  4- 6 |  7- 9 || total
-------------------------+-------+-------+-------++-------
Melee: Long sword        |   125 |   178 |   239 ||   542
Invok: Lesser Healing    |       |       |    27 ||    27
 Abil: Heal Wounds       |       |     2 |       ||     2
Evoke: Wand              |       |     3 |     2 ||     5
  Use: Potion            |       |     1 |     2 ||     3
  Eat: Chunk             |     1 |     7 |     5 ||    13
       Ration            |       |       |     1 ||     1
Armor: Scale mail        |    81 |    78 |    56 ||   215
       Chain mail        |       |       |    15 ||    15
Dodge: Dodged            |    42 |    73 |    68 ||   183
Block: Shield            |    96 |   112 |   119 ||   327
       Rpst.: Long sword |    17 |    32 |    22 ||    71
